 Dungeon Crawl Stone Soup version 0.27.1-33-g824d729ab1 (webtiles) character file.

Game seed: 11146881589946610418

67 pkoi the Ruffian (level 3, -3/29 HPs)
             Began as a Draconian Warper on Dec 12, 2021.
             Slain by an iron imp (8 damage)
             ... summoned by Natasha
             ... on level 4 of the Dungeon.
             The game lasted 00:03:05 (3130 turns).

pkoi the Ruffian (Draconian Warper)                 Turns: 3130, Time: 00:03:05

Health: -3/29      AC:  5    Str: 13    XL:     3   Next: 98%
Magic:  6/6        EV: 12    Int: 14    God:
Gold:   89         SH:  0    Dex: 10    Spells: 1/6 levels left

rFire    . . .     SeeInvis .     - Unarmed
rCold    . . .     Faith    .   (no shield)
rNeg     . . .     Spirit   .   (armour unavailable)
rPois    .         Reflect  .   (helmet restricted)
rElec    .         Harm     .   (no cloak)
rCorr    .         Rampage  .   (no gloves)
Will     .....                  (no boots)
Stlth    +.........             (no amulet)
HPRegen  0.09/turn              (no ring)
MPRegen  0.10/turn              (no ring)

@: no status effects
A: AC +5, unfitting armour, cold-blooded
a: no special abilities


You were on level 4 of the Dungeon.
You visited 1 branch of the dungeon, and saw 4 of its levels.

You collected 89 gold pieces.

Inventory:

Missiles
 b - 5 boomerangs of dispersal (quivered)
Scrolls
 a - a scroll of blinking
 h - 2 scrolls of amnesia
 i - a scroll of identify
Potions
 c - a potion of berserk rage {unknown}
 d - 2 potions of heal wounds
 e - a potion of lignification
 f - a potion of curing
 g - a potion of resistance


   Skills:
 - Level 2.1 Fighting
 - Level 0.8 Throwing
 - Level 2.1 Dodging
 + Level 4.0 Unarmed Combat
 - Level 2.0 Spellcasting
 + Level 3.4 Translocations


You had one spell level left.
You knew the following spells:

 Your Spells              Type           Power      Damage    Failure   Level
a - Blink                 Tloc           N/A        N/A       9%          2
b - Gell's Gravitas       Tloc           5%         N/A       17%         3

Your spell library contained the following spells:

 Spells                   Type           Power      Damage    Failure   Level
 Lesser Beckoning         Tloc           5%         N/A       17%         3
 Teleport Other           Tloc           11%        N/A       17%         3
 Manifold Assault         Tloc           11%        N/A       85%         5


Dungeon Overview and Level Annotations

Branches:
Dungeon (4/15)
 Temple: D:4-7

Altars:

Annotations:
D:3 Grinder
D:4 Natasha


Innate Abilities, Weirdness & Mutations

Your plain brown scales are hard. (AC +5)
You cannot fit into any form of body armour.
You are cold-blooded and may be slowed by cold attacks.


Message History

d - 2 potions of heal wounds (gained 1)
You open the door.
There is an open door here.
As you open the door, it creaks loudly!
You hear an angry hiss.
Natasha, Servant of Life and Death comes into view.
Found a stone staircase leading up.
Found an escape hatch in the floor.
There is an open door here.
There is a stone staircase leading up here.
Natasha mumbles some strange words.
Natasha barely misses you.
You closely miss Natasha.
Natasha wildly gestures.
You feel disoriented. Natasha claws you! The iron imp hits you.
You hit Natasha.
Natasha is moderately wounded.
Natasha wildly gestures.
Natasha's front paws start to glow.
Natasha claws you.
* * * LOW HITPOINT WARNING * * *
The iron imp closely misses you.
You barely miss Natasha.
Natasha is moderately wounded.
Natasha barely misses you.
You miss Natasha. You tail-slap Natasha.
Natasha is heavily wounded.
The iron imp hits you.
* * * LOW HITPOINT WARNING * * *
Natasha claws you but does no damage.
You closely miss Natasha.
Natasha is heavily wounded.
Natasha casts a spell.
The iron imp misses you.
You completely miss Natasha.
Natasha is heavily wounded.
Natasha claws you.
* * * LOW HITPOINT WARNING * * *
The iron imp hits you!
You die...

### ..... ..# .....#
#####.## .....###
...... ....... #.#.##
#....# #....# #....#
######....####....#
......5@.<'..'[...+
..#.5.h...####....#
#.......+.......#####
#.......####........#
#.......# #........#
#...>#### #........#
#.... #....(...#
#.... ##.......##
#.........


You could see an iron imp (summoned), Natasha and a shadow imp (summoned).

Vanquished Creatures
  An adder (D:2)
  6 ball pythons
  5 bats (D:1)
  5 endoplasms
  4 giant cockroaches
  5 hobgoblins
  11 jackals
  A quokka (D:4)
  2 frilled lizards
  5 kobolds
  3 rats
48 creatures vanquished.

Notes
Turn   | Place    | Note
-------+----------+-------------------------------------------
     0 | D:1      | pkoi the Draconian Warper began the quest for the Orb.
     0 | D:1      | Reached XP level 1. HP: 17/17 MP: 3/3
   424 | D:1      | Reached XP level 2. HP: 21/24 MP: 5/5
   685 | D:1      | Reached skill level 3 in Unarmed Combat
   960 | D:1      | Reached XP level 3. HP: 29/29 MP: 6/6
   963 | D:1      | Learned a level 2 spell: Blink
   967 | D:1      | Learned a level 3 spell: Gell's Gravitas
  2277 | D:3      | Noticed Grinder
  2554 | D:2      | HP: 1/29 [gnoll (7)]
  3081 | D:4      | Reached skill level 4 in Unarmed Combat
  3120 | D:4      | Noticed Natasha
  3130 | D:4      | Slain by an iron imp

Illustrated notes

Levels and vault maps discovered:
D:1:      scummos_arrival_simple_crosswalls, layout_basic, hex_large,
          minmay_misc_feat_rows
D:2:      layout_basic
D:3:      layout_loops_ring, marbit_many_paths, minmay_misc_feat_secret_circle,
          hex_tiny, nrook_uturn, minmay_vboxes, uniq_grinder
D:4:      layout_basic, minmay_fractal_squares_5, uniq_robin, uniq_natasha

Skill      XL: |  1  2  3 |
---------------+----------+-----
Unarmed Combat | 3 4 |  4.0
Fighting       | |  2.1
Throwing       | |  0.8
Dodging        | |  2.1
Spellcasting   | |  2.0
Translocations | |  3.4

Action                   || total
-------------------------++-------
Melee: Unarmed           ||   191
       Tailslap          ||    23
       Punch             ||     1
 Cast: Blink             ||     2
       Gell's Gravitas   ||     1
  Use: Scroll            ||     6
 Stab: Sleeping          ||     2
Armor: Skin              ||    62
Dodge: Dodged            ||   138
